 Dungeon Crawl Stone Soup version 0.29.1-1-gd02db6906a (webtiles) character file.

Game seed: 9232589172277594073

152 ben10mad the Shield-Bearer (level 5, -2/53 HPs)
             Began as a Troll Fighter on Oct 10, 2022.
             Slain by Zeld's ghost (9 damage)
             ... on level 3 of the Dungeon.
             The game lasted 00:07:15 (2602 turns).

ben10mad the Shield-Bearer (Troll Fighter)          Turns: 2602, Time: 00:07:15

Health: -2/53      AC:  4    Str: 26    XL:     5   Next: 11%
Magic:  4/4        EV:  9    Int:  4    God:
Gold:   162        SH:  7    Dex:  9    Spells: 4/4 levels left

rFire   . . .      SeeInvis .   a - +0 flail
rCold   . . .      Faith    .   c - +0 kite shield
rNeg    . . .      Spirit   .   b - +0 robe
rPois   .          Reflect  .   (helmet restricted)
rElec   .          Harm     .   (no cloak)
rCorr   .          Rampage  .   (gloves unavailable)
Will    .....                   (boots unavailable)
Stlth   +.........              (no amulet)
HPRegen 0.97/turn               (no ring)
MPRegen 0.09/turn               (no ring)

@: studying Dodging
A: large, unfitting armour, claws 3, regeneration 1, shaggy fur 1, tough skin 1
a: no special abilities


You were on level 3 of the Dungeon.
You visited 1 branch of the dungeon, and saw 3 of its levels.

You collected 162 gold pieces.

Inventory:

Hand Weapons
 a - a +0 flail (weapon)
Armour
 b - a +0 robe (worn)
 c - a +0 kite shield (worn)
Jewellery
 n - an amulet of magic regeneration
Wands
 j - a wand of charming (17)
Scrolls
 g - a scroll of silence
 i - a scroll of identify
Potions
 d - a potion of might
 f - a potion of haste
 h - a potion of curing
 k - a potion of magic
 l - a potion of ambrosia
 o - a potion of heal wounds


   Skills:
 + Level 3.1 Fighting
 + Level 2.9 Maces & Flails
 + Level 3.2 Dodging
 + Level 0.1 Stealth
 + Level 3.4 Shields


You had 4 spell levels left.
You didn't know any spells.
Your spell library contained the following spells:

 Spells                   Type           Power      Damage    Failure   Level
 Frozen Ramparts          Ice            0%         1d1       99%         3
 Ice Form                 Ice/Tmut       0%         N/A       100%        4
 Summon Ice Beast         Ice/Summ       0%         N/A       100%        4


Dungeon Overview and Level Annotations

Branches:
Dungeon (3/15)

Altars:
Cheibriados
Makhleb
Ru

Annotations:
D:3 Zeld's ghost, weakling MiFi


Innate Abilities, Weirdness & Mutations

You are too large for most types of armour.
You have claws for hands.
Your natural rate of healing is unusually fast.
You are covered in fur. (AC +1)
You have tough skin. (AC +1)


Message History

Could not explore, unopened runed door.
You open the gate.
The kobold throws a stone.
You block the stone.
You thump the kobold!
You kill the kobold!
The kobold barely misses you. You block the kobold brigand's attack.
The kobold attacks as you move away! The kobold hits you but does no damage.
The kobold throws a stone.
You block the stone.
You hit the kobold.
You kill the kobold!
Zeld's ghost hits you!
You hit Zeld's ghost.
Zeld's ghost is lightly damaged.
The kobold hits you but does no damage. Zeld's ghost barely misses you.
You sock Zeld's ghost!
Zeld's ghost is moderately damaged.
You block the kobold's attack. Zeld's ghost hits you.
You hit Zeld's ghost but do no damage.
Zeld's ghost is moderately damaged.
The kobold hits you but does no damage. Zeld's ghost barely misses you. x2
You hit Zeld's ghost but do no damage.
Zeld's ghost is moderately damaged.
Zeld's ghost hits you. The kobold brigand barely misses you.
You closely miss Zeld's ghost.
Zeld's ghost is moderately damaged.
Zeld's ghost hits you! The kobold brigand closely misses you.
The kobold brigand attacks as you move away!
You block the kobold brigand's attack.
Something unseen opens the large door.
Zeld's ghost attacks as you move away! Zeld's ghost hits you!
You are too injured to fight recklessly!
You block the kobold's attack.
The kobold zaps a wand.
Your mind is blasted!
Zeld's ghost attacks as you move away! You block Zeld's ghost's attack.
The kobold zaps a wand.
You barely resist. Zeld's ghost attacks as you move away!
Zeld's ghost barely misses you. Zeld's ghost attacks as you move away!
Zeld's ghost hits you. Zeld's ghost attacks as you move away!
Zeld's ghost hits you!
* * * LOW HITPOINT WARNING * * *
Zeld's ghost hits you!
You die...

......#####.##...###...###
........# #.##........######
........# ♣.♣#.............######
......#.###.##...................
......+.......##...........######
......#+#+#...##...........#.....
..#...........##.#######'###.≈≈≈≈
.........K....##.# #####.# #.≈...
............####@###...#.# #.≈.≈≈
###..##'###KKKKW.......#.###.≈.≈.
♣.##)..'###............#.##..≈.≈.
...#..K...#............#.....≈.≈.
##.)......#.........##+#####.≈§≈§
...'......#..............# #.≈...
##.'......#....##'#......# #.≈≈≈.
...#....##......#.#......# #.....
♣.##............#.#......# #.###.


You could see a kobold brigand, Zeld's ghost and 3 kobolds.

Vanquished Creatures
  A necrophage (D:3)
  An ufetubus (D:3)
  2 worms (D:2)
  4 dart slugs
  7 ball pythons
  5 endoplasms
  5 goblins
  7 hobgoblins
  7 jackals (D:2)
  3 kobolds
  A quokka (D:1)
  16 bats
  5 frilled lizards
  9 rats
73 creatures vanquished.

Vanquished Creatures (others)
  3 fungi (D:3)
  A plant (D:3)
4 creatures vanquished.

Grand Total: 77 creatures vanquished

Notes
Turn   | Place    | Note
-------+----------+-------------------------------------------
     0 | D:1      | ben10mad the Troll Fighter began the quest for the Orb.
     0 | D:1      | Reached XP level 1. HP: 22/22 MP: 0/0
   128 | D:1      | Reached XP level 2. HP: 29/29 MP: 1/1
   814 | D:2      | Reached XP level 3. HP: 24/36 MP: 2/2
  1372 | D:2      | Reached XP level 4. HP: 39/44 MP: 3/3
  1612 | D:3      | Noticed a necrophage
  1621 | D:3      | Killed a necrophage
  1712 | D:3      | Found a runed translucent gate.
  1712 | D:3      | Found a runed translucent gate.
  1712 | D:3      | Found a runed translucent gate.
  1714 | D:3      | Noticed Zeld's ghost (weakling MiFi)
  1715 | D:3      | Noticed a kobold brigand
  1765 | D:3      | Found a snail-covered altar of Cheibriados.
  1888 | D:3      | Reached XP level 5. HP: 53/53 MP: 4/4
  1919 | D:3      | Found a burning altar of Makhleb.
  2056 | D:3      | Found a sacrificial altar of Ru.
  2325 | D:3      | Identified a scroll of acquirement
  2325 | D:3      | Acquired a manual of Dodging
  2602 | D:3      | Slain by Zeld's ghost

Illustrated notes

Levels and vault maps discovered:
D:1:      sevenhm_arrival_forest_fort_large_2, layout_rooms
D:2:      layout_loops_ring, minmay_close_crescents
D:3:      layout_basic, mainiacjoe_overflow_concentric_impassable,
          nicolae_overflow_crystal_walls, lemuel_tele_altar,
          gammafunk_ghost_nasty_kobolds, amcnicky_mini_corridor_feature,
          corexii_item_surrounded_by_moat, chequers_serial_rivers_room_b,
          reono_crystal_passage

Skill      XL: |  1  2  3  4 |
---------------+-------------+-----
Dodging        | 3 |  3.2
Shields        | 3 |  3.4
Maces & Flails | 2 |  2.9
Fighting       | 3 |  3.1
Stealth        | |  0.1

Action                   |  1- 3 |  4- 6 || total
-------------------------+-------+-------++-------
Melee: Flail             |   196 |    56 ||   252
  Use: Scroll            |     2 |    10 ||    12
 Stab: Sleeping          |     2 |       ||     2
Armor: Robe              |   114 |    21 ||   135
Dodge: Dodged            |   101 |    38 ||   139
Block: Kite shield       |   102 |    21 ||   123
